 Dungeon Crawl Stone Soup version 0.28.0-1-gb440e238dd (webtiles) character file.

Game seed: 11225284584029643941

465 horus123 the Conjurer (level 7, -1/46 HPs)
             Began as a Human Conjurer on Feb 19, 2022.
             Killed from afar by a gnoll (10 damage)
             ... with an iceblast
             ... on level 3 of the Dungeon on Feb 20, 2022.
             The game lasted 00:11:13 (4239 turns).

horus123 the Conjurer (Human Conjurer)              Turns: 4239, Time: 00:11:13

Health: -1/46      AC:  3    Str:  7    XL:     7   Next: 29%
Magic:  7/13       EV: 12    Int: 21    God:
Gold:   68         SH:  0    Dex: 11    Spells: 3/14 levels left

rFire   . . .      SeeInvis .   j - +0 halberd (flame)
rCold   . . .      Faith    .   (shield currently unavailable)
rNeg    . . .      Spirit   .   a - +0 robe
rPois   .          Reflect  .   g - +0 helmet
rElec   .          Harm     .   (no cloak)
rCorr   .          Rampage  .   (no gloves)
Will    .....                   (no boots)
Stlth   ++........              (no amulet)
HPRegen 0.15/turn               (no ring)
MPRegen 0.13/turn               (no ring)

@: no status effects
A: no striking features
a: no special abilities


You were on level 3 of the Dungeon.
You visited 1 branch of the dungeon, and saw 3 of its levels.

You collected 68 gold pieces.

Inventory:

Hand Weapons
 j - a +0 halberd of flaming (weapon)
Missiles
 b - 17 sling bullets
 f - 2 throwing nets
Armour
 a - a +0 robe (worn)
 g - a +0 helmet (worn)
Wands
 k - a wand of charming (11)
Scrolls
 h - a scroll of magic mapping
Potions
 c - a potion of lignification {unknown}
 d - a potion of degeneration
 e - a potion of ambrosia


   Skills:
 - Level 2.0 Dodging
 - Level 2.0 Stealth
 - Level 4.1 Spellcasting
 + Level 7.1 Conjurations


You had 3 spell levels left.
You knew the following spells:

 Your Spells              Type           Power      Damage    Failure   Level
a - Magic Dart            Conj           100%       1d8       1%          1
b - Searing Ray           Conj           68%        2d6       1%          2
c - Iskenderun's Mystic   Conj/Tloc      19%        2d6       26%         4
d - Fulminant Prism       Conj/Hex       9%         3d7       26%         4

Your spell library contained the following spells:

 Spells                   Type           Power      Damage    Failure   Level
 Dazzling Flash           Conj/Hex       38%        N/A       9%          3
 Sting                    Tmut/Pois      16%        1d3       12%         1
 Blink                    Tloc           8%         N/A       19%         2
 Poisonous Vapours        Pois/Air       8%         N/A       19%         2
 Olgreb's Toxic Radiance  Pois           4%         N/A       75%         4
 Manifold Assault         Tloc           4%         N/A       97%         5
 Storm Form               Tmut/Air       2%         N/A       100%        7


Dungeon Overview and Level Annotations

Branches:
Dungeon (3/15)

Altars:
Zin


Message History

You kill the gnoll!
Unknown command.
You start resting.
Magic restored.
Things that are here:
a +1 spear of flaming; a gnoll corpse
Things that are here:
a +0 halberd; a gnoll corpse
Things that are here:
a +1 spear of flaming; a gnoll corpse
l - a +1 spear of flaming You drop a +0 flail of protection.
You drop a +1 spear of flaming.
A gnoll comes into view.
It is wielding a +0 spear and carrying a wand of iceblast (6).
You can't see any susceptible monsters within range! (Use Z to cast anyway.)
Things that are here:
a +0 halberd; a gnoll corpse The magic dart hits the gnoll.
The gnoll is lightly wounded.
The magic dart hits the gnoll.
The gnoll is moderately wounded.
The gnoll zaps a wand.
The mass of ice explodes!
The iceblast engulfs you!
You hear a shout! x8
Casting: Magic Dart (safe; 1% risk of failure)
Confirm with . or Enter, or press ? or * to list all spells.
Aiming: Searing Ray (safe; 1% risk of failure)
Press: ? - help, Shift-Dir - straight line, f/p - gnoll
Aim: a gnoll, wielding a +0 spear, wearing a +0 chain mail and carrying a wand of iceblast (5) (moderately wounded, 88% to hit)
The searing ray hits the gnoll but does no damage.
The gnoll is moderately wounded. (Press . to maintain the ray.)
You hear a shout!
The gnoll zaps a wand.
The mass of ice explodes!
The iceblast engulfs you!
* * * LOW HITPOINT WARNING * * *
The searing ray hits the gnoll.
The gnoll is almost dead.
The searing ray hits the gnoll but does no damage.
The gnoll is almost dead.
The gnoll zaps a wand.
The mass of ice explodes!
The iceblast engulfs you!
You die...

****************#####)...).......
,,,,,,,,,,,,,,...................
,,≈≈≈≈≈≈≈≈≈≈≈≈≈≈≈≈≈≈≈....≈≈≈≈≈≈≈≈
,,≈≈≈≈≈≈≈≈≈≈≈≈≈≈≈≈≈≈≈....≈≈≈≈≈≈≈≈
,,≈≈*****≈≈≈≈≈≈≈≈≈≈≈≈....≈≈≈≈≈≈≈)
,,≈≈*,,,*,,,,,.........).).))....
,,≈≈*,,,#############''''########
,,≈≈***'#...........#....#......,
,,≈≈≈,*.'....).)@..g'....)......,
,,≈≈≈,*.#.........).#....#......,
,,≈≈≈,*,########################*
,,≈≈≈,*,,,,,,*,+,,,,,,,,,,,,,,+,*
,,≈≈≈,*,,,,,,*,*,,,,,,,,,,,,,,*,*
,,≈≈≈,*,***+**,*,,,,,,,,,,,,,,*,*
,,≈≈≈,*,*,,,,*,*,,,,,,,,,,,,,,*,*
,,≈≈≈,*,*,,,,***+************+***
,,≈≈***+*,,,,+,,,,,,,,**,,,,,,,,+


You could see a gnoll.

Vanquished Creatures
  Sigmund (D:3)
  A hound (D:3)
  Robin (D:2)
  12 gnolls
  4 adders
  A worm (D:2)
  A dart slug (D:1)
  6 orcs (D:3)
  9 ball pythons
  An endoplasm (D:2)
  3 giant cockroaches (D:1)
  17 goblins
  4 hobgoblins
  13 jackals
  3 kobolds (D:2)
  7 bats
  A frilled lizard (D:1)
  11 rats
96 creatures vanquished.

Vanquished Creatures (collateral kills)
  A gnoll (D:3)
1 creature vanquished.

Vanquished Creatures (others)
  3 plants (D:3)
3 creatures vanquished.

Grand Total: 100 creatures vanquished

Notes
Turn   | Place    | Note
-------+----------+-------------------------------------------
     0 | D:1      | horus123 the Human Conjurer began the quest for the Orb.
     0 | D:1      | Reached XP level 1. HP: 13/13 MP: 3/3
   305 | D:1      | Reached XP level 2. HP: 19/19 MP: 2/5
   340 | D:1      | Learned a level 2 spell: Searing Ray
   395 | D:1      | Reached XP level 3. HP: 24/24 MP: 0/7
  1500 | D:2      | Reached XP level 4. HP: 30/30 MP: 2/9
  1706 | D:2      | Noticed Robin
  1983 | D:1      | Learned a level 4 spell: Iskenderun's Mystic Blast
  1988 | D:1      | Learned a level 4 spell: Fulminant Prism
  2010 | D:2      | Killed Robin
  2390 | D:2      | Reached XP level 5. HP: 35/35 MP: 8/11
  2430 | D:2      | Found a faded altar of an unknown god.
  2597 | D:2      | Found a glowing silver altar of Zin.
  3231 | D:3      | Reached skill level 5 in Conjurations
  3307 | D:3      | Reached XP level 6. HP: 26/41 MP: 9/12
  3762 | D:3      | Noticed Sigmund
  3788 | D:3      | Reached skill level 6 in Conjurations
  3820 | D:3      | Killed Sigmund
  3821 | D:3      | Reached XP level 7. HP: 19/46 MP: 4/13
  4055 | D:3      | Reached skill level 7 in Conjurations
  4239 | D:3      | Killed from afar by a gnoll

Illustrated notes

Levels and vault maps discovered:
D:1:      enne_arrival_octagon_isle, layout_loops_corners, st_stairs_11
D:2:      layout_rooms, basic_altar, hellmonk_ecumenical_altar_dog_temple,
          uniq_robin
D:3:      lemuel_castle_with_subvaults [lemuel_castle_interior_carwin_1],
          layout_basic, lemuel_blue_sif_altar, uniq_sigmund

Skill      XL: |  1  2  3  4  5  6  7 |
---------------+----------------------+-----
Spellcasting   | 3 4 |  4.1
Conjurations   | 5 6 7 |  7.1
Dodging        | |  2.0
Stealth        | |  2.0

Action                   |  1- 3 |  4- 6 |  7- 9 || total
-------------------------+-------+-------+-------++-------
Melee: Hand axe          |       |    18 |       ||    18
       Flail             |       |     1 |       ||     1
       Halberd           |       |       |     5 ||     5
 Cast: Magic Dart        |    67 |    94 |     8 ||   169
       Searing Ray       |     1 |    10 |     4 ||    15
Evoke: Wand              |       |     1 |       ||     1
  Use: Scroll            |     2 |     5 |       ||     7
Armor: Robe              |     3 |    11 |       ||    14
Dodge: Dodged            |     4 |    61 |     4 ||    69
